Unix NetHack Version 5.0.0-0 post-release - last build May 10 2026 23:12:36 (d1fa5d53e341ca933230fdaa984d921c805b60aa,branch:main).

Game began 2026-05-13 03:53:44, ended 2026-05-15 01:51:48.

Ackbladder, neutral male human Barbarian

            --------------
            |.............######
            |........%>..|     ###
            |..........%.-####   ##
            |............|   ######
            -----.--.-----
                 ## #
                  # #
                  ##)
                   ##
                   ##
                   ###
                  ## #
             --------|-------
             |..............|
             |.....|..(.....-
             |((.`.(|.|.....|
             ----------------

Ackbladder the Bandit      St:18/03 Dx:17 Co:17 In:8 Wi:9 Ch:7  Neutral
Dlvl:20 $:82 HP:0(115) Pw:22(22) AC:-6 Xp:9 T:17323  Satiated Burdened Stun

Latest messages:
 The wraith touches you!
 You avoid harm.
 You can't go down here.
 The golden naga bites!
 The golden naga casts a spell!
 The golden naga suddenly disappears!
 It bites!
 It bites!
 The wraith strikes at thin air!
 You fall down the stairs.
 The wraith misses!
 The wraith touches you!
 You destroy the wraith!
 You climb up the stairs.
 You smite the giant spider!
 The wraith touches you!
 The giant spider misses!
 It bites!
 You kill the giant spider!
 You smite it.
 The wraith touches you!
 You avoid harm.
 It bites!
 You hear a mumbled curse.
 It bites!
 You smite the wraith!
 The wraith misses!
 It bites!
 Something casts a spell at you!
 You feel as if you need some help.
 You feel a malignant aura surround you.
 It just misses!
 You smite the wraith!
 The wraith just misses!
 It bites!
 You hear a mumbled curse.
 It bites!
 You hear a mumbled curse.
 You destroy the wraith!
 It misses!
 Something casts a spell at you!
 You reel...
 It bites!
 You attack thin air.
 It misses!
 Something casts a spell at you!
 Your head suddenly aches very painfully!
 You die...
 Do you want your possessions identified? [ynq] (y) y
 Do you want to see your attributes? [ynq] (y) q

Inventory:
 Coins    ('$')
  $ - 82 gold pieces
 Amulets  ('"')
  Q - an uncursed amulet of reflection (being worn)
 Weapons  (')')
  G - 11 +0 elven daggers (at the ready)
  w - the blessed +0 Cleaver (weapon in hands)
  n - the rustproof +2 Giantslayer (alternate weapon; not wielded)
 Armor    ('[')
  z - an uncursed rusty +0 dwarvish iron helm (being worn)
  M - an uncursed +0 pair of leather gloves (being worn)
  R - a blessed +3 pair of iron shoes (being worn)
  D - an uncursed +0 cloak of protection (being worn)
  C - a cursed +0 dwarvish mithril-coat (being worn)
 Comestibles  ('%')
  d - 5 uncursed food rations
 Scrolls  ('?')
  e - an uncursed scroll of amnesia
  U - a cursed scroll of amnesia
  E - 2 uncursed scrolls of confuse monster
  T - 2 uncursed scrolls of destroy armor
  o - an uncursed scroll of earth
  l - 3 cursed scrolls of enchant armor
  P - a cursed scroll of enchant weapon
  c - an uncursed scroll of food detection
  p - an uncursed scroll of magic mapping
  S - a blessed scroll of taming
  L - an uncursed scroll of teleportation
 Potions  ('!')
  b - 3 cursed potions of booze
  s - an uncursed potion of extra healing
  I - a cursed potion of extra healing
  Z - 3 uncursed potions of gain energy
  K - 6 uncursed potions of healing
  A - a blessed potion of levitation
  J - an uncursed potion of levitation
  B - an uncursed potion of monster detection
  y - an uncursed potion of oil
  j - 2 cursed potions of paralysis
  a - a cursed potion of restore ability
  H - 4 potions of holy water
  t - 3 uncursed potions of water
 Rings    ('=')
  F - an uncursed ring of conflict
  i - an uncursed ring of polymorph
  v - an uncursed ring of protection from shape changers
  m - an uncursed ring of sustain ability
 Wands    ('/')
  x - a wand of cancellation (0:3)
  r - a cursed wand of digging (0:3)
  h - a cursed wand of digging (0:0)
  X - a wand of magic missile (0:1)
  W - a cursed wand of nothing (0:5)
  f - a wand of polymorph (0:4)
  Y - a wand of teleportation (0:0)
 Tools    ('(')
  O - an uncursed brass lantern
  g - a cursed skeleton key
  V - an uncursed stethoscope
  k - an uncursed towel
  u - a blessed +0 unicorn horn
 Gems/Stones  ('*')
  q - a blessed touchstone

Ackbladder the Barbarian's attributes:

Background:
 You were a Bandit, a level 9 male human Barbarian.
 You were neutral, on a mission for Crom
 who was opposed by Mitra (lawful) and Set (chaotic).
 You were right-handed.
 You were in the Dungeons of Doom, on level 20.
 You entered the dungeon 17323 turns ago.
 It was nighttime.
 You had 4170 experience points, 950 more were needed to attain level 10.

Basics:
 You had 0 out of 115 hit points.
 You had all 22 energy points (spell power).
 Your armor class was -6.
 Your wallet contained 82 zorkmids.
 Autopickup was off.

Final Characteristics:
 Your strength was 18/03 (peak:18/04, limit:18/100).
 Your dexterity was 17 (peak:18, limit:18).
 Your constitution was 17 (peak:18, limit:18).
 Your intelligence was 8 (limit:18).
 Your wisdom was 9 (limit:18).
 Your charisma was 7 (limit:18).

Final Status:
 You were stunned.
 You were satiated.
 You were burdened; movement was slightly slowed.
 You were wielding an axe.
 You had expert skill with axe.

Final Attributes:
 You were piously aligned.
 You were fire resistant.
 You were sleep resistant.
 You were poison resistant.
 You were telepathic.
 You were invisible.
 You were protected.
 You were fast.
 You had reflection.
 You are dead.

Miscellaneous:
 You encountered 1 bones level.
 Total elapsed playing time was 2 hours, 45 minutes and 28 seconds.

Major events:
 Turn
    1: Ackbladder the neutral male human Barbarian entered the dungeon
  278: attained the rank of Pillager (level 3)
 1185: attained the rank of Bandit (level 6)
 1635: entered the Gnomish Mines
 2327: reached Mine Town
 3759: found Cleaver on the floor
 4141: entered Sokoban
 4404: completed 1st Sokoban level
 4825: completed 2nd Sokoban level
 5166: completed 3rd Sokoban level
 5946: completed 4th Sokoban level
 6090: acquired the Sokoban amulet of reflection
 6945: was bestowed with Giantslayer by Crom
 8801: attained the rank of Brigand (level 10)
16673: performed his first genocide (class h)
17323: killed by an invisible golden naga

You didn't know any spells.

Skills:
 Fighting Skills
   bare handed combat [Basic]
   two weapon combat  [Unskilled]
   riding             [Unskilled]
 Weapon Skills
   dagger             [Unskilled]
   axe                [Expert]
   pick-axe           [Basic]
   short sword        [Basic]
   broadsword         [Unskilled]
   long sword         [Basic]
   two-handed sword   [Unskilled]
   saber              [Unskilled]
   club               [Unskilled]
   mace               [Unskilled]
   morning star       [Unskilled]
   flail              [Unskilled]
   hammer             [Unskilled]
   quarterstaff       [Unskilled]
   spear              [Unskilled]
   trident            [Unskilled]
   bow                [Unskilled]
 Spellcasting Skills
   attack spells      [Unskilled]
   escape spells      [Unskilled]

Voluntary challenges:
 Character rerolling was not enabled.
 You genocided 7 types of monsters.
 You never polymorphed an object.
 You never changed form.
 You used no wishes.
 You did not violate any of the special Sokoban rules.
Achievements:
 You attained the rank of Pillager.
 You entered a shop.
 You attained the rank of Bandit.
 You entered the Gnomish Mines.
 You entered Minetown.
 You entered a temple.
 You entered Sokoban.
 You completed Sokoban.
 You attained the rank of Brigand.

 The Dungeons of Doom: levels 1 to 22
    Level 1:
    Level 2:
       Some fountains.
    Level 3:
       A general store, a fountain.
    Level 4:
       An armor shop.
       Stairs down to The Gnomish Mines.
    Level 5:
       A general store.
    Level 6:
       A fountain.
       Oracle of Delphi.
       Final resting place for
          h2g2-Ran-Elf-Fem-Cha, killed by a kitten.
    Level 7:
       An altar to Crom, a fountain.
       Stairs up to Sokoban, level 6.
    Level 8:
    Level 9:
       A general store.
    Level 10:
       A fountain.
    Level 11:
       An altar to Crom.
    Level 12:
       An altar to Crom.
       Summoned by Pelias.
    Level 14:
       A fountain.
    Level 15:
       A primitive area.
    Level 16:
    Level 17:
    Level 20: <- You were here.
       Many graves.
       Final resting place for
          you, killed by an invisible golden naga.
    Level 21:
       A fountain, a grave.
    Level 22:
       A grave.
 The Gnomish Mines: levels 5 to 12
    Level 5:
    Level 6:
    Level 7:
       Some shops, a temple and an altar, some fountains.
    Level 8:
    Level 9:
    Level 10:
    Level 11:
    Level 12:
       Some fountains.
 Sokoban: levels 6 up to 3
    Level 3:
       Solved.
    Level 4:
       Solved.
    Level 5:
       Solved.
    Level 6:
       Solved.


Vanquished creatures:
  a trapper
  a guardian naga
  a vampire leader
  4 vampires
  5 ghosts
  6 queen bees
  a winged gargoyle
  2 giant mimics
  a long worm
  2 fire giants
  a wumpus
  a stalker
 an air elemental
  2 hill giants
  2 giant zombies
  4 elf-nobles
  a sergeant
  a barbed devil
  a winter wolf
  9 small mimics
 an ettin mummy
  a gelatinous cube
  2 pyrolisks
  3 flaming spheres
  5 tengu
 an ochre jelly
  2 leocrottas
  a stone giant
  2 red nagas
  a python
  a pit viper
  a cobra
 10 wraiths
  a carnivorous ape
  2 ettin zombies
  3 Grey-elves
 an amorous demon
  2 chameleons
  2 giant beetles
  3 quivering blobs
  2 cockatrices
  6 wolves
  6 winter wolf cubs
  a lynx
  a panther
  2 spotted jellies
  a leprechaun
  3 iron piercers
  a mumak
  3 giant spiders
  6 scorpions
 an ice vortex
  a vampire bat
  a forest centaur
  3 gnome rulers
  6 orc mummies
  a dwarf mummy
  8 ogres
  3 owlbears
  a gold golem
  2 werewolves
  6 Green-elves
  4 lizards
  4 dogs
  a housecat
  3 jaguars
  2 dwarf leaders
  a blue jelly
  2 white unicorns
  a dust vortex
  2 ravens
  2 gnome mummies
  2 snakes
  4 apes
  4 human zombies
  a rope golem
  9 Woodland-elves
  5 soldier ants
  5 fire ants
  a bugbear
 an imp
  2 quasits
  5 wood nymphs
  a water nymph
  a mountain nymph
  4 Mordor orcs
 an orc shaman
  2 rock piercers
  4 rock moles
  a pony
  6 fog clouds
  4 yellow lights
  a shrieker
  a violet fungus
 16 gnome leaders
  7 gnomish wizards
  2 kobold mummies
  a gray ooze
  a barrow wight
  3 elf zombies
  4 ghouls
  6 giant ants
  3 little dogs
  7 floating eyes
  2 kittens
 20 dwarves
  a homunculus
  2 kobold leaders
  a kobold shaman
 12 hill orcs
 17 rothes
  2 rabid rats
  a monkey
  2 orc zombies
  9 dwarf zombies
  a wererat
  a werejackal
  4 iguanas
 37 killer bees
 an acid blob
  a coyote
  4 gas spores
  4 hobbits
  9 manes
  2 large kobolds
  3 hobgoblins
  3 giant rats
  3 cave spiders
  2 yellow molds
  a green mold
  a red mold
 53 gnomes
  6 gnome zombies
  7 geckos
  8 jackals
  2 foxes
  a kobold
  5 goblins
  a grid bug
  3 lichens
  5 kobold zombies
 10 newts
541 creatures vanquished.

Genocided species:
 master mind flayers
 mind flayers
 dwarf rulers
 dwarf leaders
 bugbears
 dwarves
 hobbits
7 species genocided.

Game over:
                       ----------
                      /          \
                     /    REST    \
                    /      IN      \
                   /     PEACE      \
                  /                  \
                  |    Ackbladder    |
                  |      82 Au       |
                  |   killed by an   |
                  | invisible golden |
                  |       naga       |
                  |                  |
                  |       2026       |
                 *|     *  *  *      | *
        _________)/\\_//(\/(/\)/\//\/|_)_______

Goodbye Ackbladder the Barbarian...

You died in The Dungeons of Doom on dungeon level 20 with 86318 points,
and 82 pieces of gold, after 17323 moves.
You were level 9 with a maximum of 115 hit points when you died.

